12 | 0:00 | SCV | |
13 | 0:12 | SCV | |
14 | 0:17 | Supply Depot | |
14 | 0:25 | SCV | |
15 | 0:38 | SCV | |
15 | 0:40 | Barracks | |
16 | 0:50 | Refinery, SCV | |
17 | 1:03 | SCV | |
18 | 1:15 | SCV | |
19 | 1:28 | Orbital Command | |
19 | 1:33 | Reaper | |
20 | 1:43 | Command Center | |
20 | 1:53 | Supply Depot | |
20 | 1:54 | SCV | |
21 | 2:05 | Marine | |
21 | 2:06 | SCV | |
23 | 2:16 | Factory | |
23 | 2:18 | SCV | |
24 | 2:28 | Barracks Reactor | |
24 | 2:31 | SCV | |
25 | 2:43 | SCV | |
26 | 2:44 | Command Center | |
26 | 2:55 | SCV | |
26 | 2:56 | Orbital Command | |
27 | 3:07 | SCV | |
28 | 3:15 | Hellion x2 | |
28 | 3:19 | Starport | |
33 | 3:20 | SCV | |
33 | 3:23 | Barracks Tech Lab | |
33 | 3:24 | SCV | |
34 | 3:30 | Refinery | |
34 | 3:32 | SCV | |
35 | 3:36 | SCV | |
35 | 3:39 | Hellion x2 | |
40 | 3:44 | SCV | |
41 | 3:48 | SCV | |
41 | 3:51 | Supply Depot, Marine | |
43 | 3:56 | SCV | |
43 | 3:58 | Orbital Command | |
43 | 4:00 | SCV | |
44 | 4:03 | Hellion x2 | |
44 | 4:08 | SCV | |
44 | 4:09 | Banshee | |
49 | 4:12 | SCV | |
49 | 4:14 | Cloaking Field | |
53 | 4:20 | SCV | |
54 | 4:24 | Supply Depot | |
54 | 4:25 | Hellion, SCV | |
54 | 4:26 | Hellion | |
54 | 4:28 | SCV | |
60 | 4:32 | SCV | |
60 | 4:37 | SCV | |
62 | 4:40 | SCV | |
62 | 4:44 | SCV | |
62 | 4:49 | SCV | |
62 | 4:52 | SCV | |
60 | 4:55 | Command Center, Factory | |
60 | 4:57 | Banshee | |
63 | 5:00 | Hellion | |
63 | 5:03 | Hellion | |
63 | 5:05 | SCV | |
65 | 5:08 | Engineering Bay | |
65 | 5:10 | Engineering Bay | |
65 | 5:14 | SCV | |
66 | 5:17 | Supply Depot | |
66 | 5:20 | Barracks Tech Lab, Factory | |
66 | 5:21 | SCV | |
67 | 5:22 | SCV | |
67 | 5:28 | Hellion x2 | |
72 | 5:29 | SCV | |
72 | 5:33 | SCV | |
74 | 5:37 | Refinery, Armory | |
74 | 5:39 | Orbital Command | |
74 | 5:43 | Refinery, SCV | |
74 | 5:45 | Banshee, SCV | |
74 | 5:47 | Factory Tech Lab | |
79 | 5:52 | Hellion | |
79 | 5:55 | SCV | |
82 | 5:57 | SCV | |
83 | 6:07 | SCV x2 | |
83 | 6:09 | SCV | |
83 | 6:10 | Sensor Tower | |
86 | 6:11 | Orbital Command | |
86 | 6:19 | SCV x2 | |
86 | 6:20 | Hellion | |
86 | 6:21 | Hellion, SCV | |
93 | 6:30 | Refinery x2 | |
93 | 6:31 | SCV, Siege Tank x2 | |
93 | 6:32 | SCV | |
97 | 6:33 | SCV | |
92 | 6:40 | Banshee, SCV | |
92 | 6:42 | Hellion x2 | |
92 | 6:45 | SCV x2 | |
100 | 6:49 | Supply Depot | |
100 | 6:50 | Supply Depot, SCV | |
97 | 7:01 | SCV x2 | |
92 | 7:04 | Command Center | |
92 | 7:07 | SCV x2 | |
92 | 7:08 | Factory x2 | |
95 | 7:09 | Siege Tank | |
95 | 7:13 | SCV | |
95 | 7:14 | Terran Vehicle Weapons Level 1 | |
99 | 7:18 | Hellion x3 | |
105 | 7:24 | Armory | |
105 | 7:26 | Banshee | |
108 | 7:31 | SCV | |
108 | 7:35 | Supply Depot | |
108 | 7:37 | Supply Depot x3 | |
109 | 7:39 | Hellion | |
109 | 7:40 | Hellion | |
109 | 7:41 | SCV | |
109 | 7:42 | SCV | |
109 | 7:43 | SCV | |
112 | 7:45 | Hellion x2 | |
116 | 7:51 | Factory | |
116 | 7:52 | Factory | |
116 | 7:56 | SCV | |
116 | 7:58 | Missile Turret | |
117 | 7:59 | Missile Turret | |
117 | 8:01 | Missile Turret x2 | |
117 | 8:02 | Missile Turret x2 | |
117 | 8:03 | Missile Turret x2 | |
117 | 8:04 | Missile Turret | |
117 | 8:07 | Thor | |
117 | 8:09 | Factory Tech Lab | |
117 | 8:10 | Factory Reactor | |
123 | 8:12 | Thor | |
129 | 8:20 | Hellion | |
129 | 8:24 | Hellbat | |
131 | 8:32 | SCV | |
132 | 8:37 | Widow Mine | |
133 | 8:42 | Widow Mine | |
133 | 8:44 | Widow Mine | |
133 | 8:45 | Widow Mine | |
139 | 8:49 | Thor | |
139 | 8:55 | Thor, Widow Mine | |
147 | 8:58 | Thor | |
147 | 9:02 | Widow Mine | |
155 | 9:04 | Widow Mine x2 | |
150 | 9:15 | Missile Turret | |
147 | 9:17 | Missile Turret, SCV | |
147 | 9:23 | Starport Tech Lab, Factory Tech Lab | |
147 | 9:24 | Factory Reactor | |
147 | 9:25 | Infernal Pre-Igniter | |
147 | 9:27 | SCV | |
145 | 9:33 | Siege Tank | |
145 | 9:35 | Missile Turret | |
148 | 9:38 | Siege Tank | |
148 | 9:41 | Siege Tank | |
148 | 9:42 | Command Center, Siege Tank | |
148 | 9:44 | Hellion | |
148 | 9:45 | Hellbat | |
161 | 9:47 | Terran Vehicle And Ship Armor Level 1 | |
161 | 9:49 | Missile Turret | |
161 | 9:57 | Terran Vehicle Weapons Level 2 | |
161 | 9:59 | Missile Turret | |
161 | 10:02 | Hellbat | |
161 | 10:05 | Hyperflight Rotors | |
163 | 10:11 | Hellion, Supply Depot x2, Siege Tank | |
163 | 10:13 | Planetary Fortress | |
163 | 10:14 | Refinery, Supply Depot | |
166 | 10:16 | Refinery | |
166 | 10:24 | Missile Turret | |
166 | 10:26 | Missile Turret x2, Sensor Tower | |
166 | 10:27 | Hellion x3 | |
172 | 10:28 | SCV x3 | |
172 | 10:35 | Banshee | |
178 | 10:44 | SCV | |
178 | 10:45 | Siege Tank x2 | |
178 | 10:46 | Hellbat | |
178 | 10:47 | Hellbat | |
189 | 10:56 | Planetary Fortress | |
189 | 10:57 | Hellion x3 | |
189 | 10:58 | Hellion, Command Center | |
189 | 11:00 | Hellion, Siege Tank | |
189 | 11:03 | SCV x2 | |
185 | 11:12 | Smart Servos | |
185 | 11:13 | Drilling Claws | |
185 | 11:15 | Hellbat, Siege Tank | |
190 | 11:27 | Command Center, Siege Tank | |
190 | 11:28 | Hellbat x2, Siege Tank | |
198 | 11:45 | Siege Tank | |
198 | 11:46 | Hellbat | |
197 | 11:49 | Siege Tank | |
200 | 12:06 | Factory | |
196 | 12:16 | Terran Vehicle And Ship Armor Level 2 | |
196 | 12:17 | Terran Vehicle Weapons Level 3 | |
196 | 12:18 | Command Center, Barracks | |
196 | 12:19 | Siege Tank | |
196 | 12:20 | Siege Tank | |
180 | 12:46 | Hellbat, Siege Tank | |
180 | 12:47 | Banshee | |
169 | 12:52 | Sensor Tower, Hellbat, Siege Tank | |
174 | 13:00 | Factory Tech Lab, SCV x2 | |
174 | 13:02 | Hellion x3, Siege Tank x2 | |
174 | 13:03 | Hellbat | |
178 | 13:08 | Hellion | |
178 | 13:09 | Factory | |
149 | 13:14 | Hellbat | |
149 | 13:18 | Siege Tank | |
144 | 13:21 | Hellion x4 | |
144 | 13:22 | Hellbat | |
144 | 13:24 | Hellbat x3, Siege Tank | |
144 | 13:25 | Hellbat | |
145 | 13:29 | Hellbat | |
145 | 13:30 | Banshee | |
150 | 13:34 | Siege Tank x2 | |
150 | 13:35 | Factory | |
150 | 13:36 | Barracks Tech Lab | |
150 | 13:41 | SCV | |
157 | 13:43 | Hellbat | |
157 | 13:44 | Siege Tank | |
157 | 13:45 | Hellion, Orbital Command | |
164 | 13:49 | Missile Turret | |
164 | 13:50 | Thor | |
164 | 13:52 | Missile Turret | |
164 | 13:54 | Missile Turret | |
170 | 13:56 | Siege Tank | |
170 | 13:57 | Hellbat | |
166 | 14:06 | Thor, Siege Tank | |
166 | 14:07 | SCV | |
170 | 14:11 | Hellion | |
170 | 14:12 | Hellion x3 | |
170 | 14:14 | SCV | |
170 | 14:15 | Thor | |
170 | 14:20 | Factory Reactor | |
170 | 14:21 | Hellbat, Factory Tech Lab | |
172 | 14:30 | Missile Turret | |
172 | 14:33 | Orbital Command | |
172 | 14:37 | Ghost Academy | |
172 | 14:39 | Terran Ship Weapons Level 1 | |
172 | 14:41 | Thor | |
172 | 14:42 | Thor | |
172 | 14:44 | Command Center | |
184 | 14:51 | Banshee, Hellbat | |
189 | 14:58 | Thor | |
195 | 15:02 | SCV x2 | |
195 | 15:06 | SCV x5 | |
199 | 15:13 | Terran Vehicle And Ship Armor Level 3 | |
199 | 15:15 | Missile Turret x2, Refinery x2, Planetary Fortress | |
199 | 15:16 | Hellion x7 | |
199 | 15:36 | Starport | |
199 | 15:46 | Command Center | |
199 | 15:49 | SCV | |
200 | 15:59 | Missile Turret x2 | |
199 | 16:06 | Banshee | |
174 | 16:11 | Siege Tank x3 | |
174 | 16:14 | Siege Tank | |
174 | 16:15 | Siege Tank x2 | |
161 | 16:31 | Hellion, Hellbat x2 | |
161 | 16:32 | Hellion, Hellbat x2 | |
169 | 16:43 | Siege Tank x3 | |
169 | 16:46 | Siege Tank | |
170 | 16:47 | Siege Tank | |
170 | 16:48 | Siege Tank | |
170 | 16:49 | Banshee | |
170 | 16:50 | Hellion | |
175 | 16:57 | Missile Turret x2, Ghost | |
175 | 16:58 | Orbital Command | |
178 | 17:07 | Hellion x2 | |
177 | 17:15 | Hi-Sec Auto Tracking, Siege Tank x3 | |
177 | 17:19 | Siege Tank x2 | |
177 | 17:22 | Hellion x3 | |
172 | 17:26 | Ghost | |
175 | 17:30 | Command Center, SCV x4 | |
175 | 17:32 | Banshee, Siege Tank | |
175 | 17:33 | Hellion x2 | |
189 | 17:39 | Starport Tech Lab | |
189 | 17:42 | Hellion x2 | |
189 | 17:43 | Hellion | |
195 | 17:47 | Siege Tank | |
195 | 17:48 | Widow Mine | |
200 | 18:05 | Terran Ship Weapons Level 2 | |
192 | 18:13 | Banshee | |
192 | 18:15 | Banshee | |
196 | 18:21 | Siege Tank | |
199 | 18:36 | Hellion x2 | |
197 | 19:10 | Hellbat | |
189 | 19:31 | Thor x2 | |
192 | 19:36 | Ghost | |
181 | 19:44 | Thor x3 | |
199 | 19:46 | Command Center | |
199 | 19:47 | Command Center | |
199 | 20:03 | Thor | |
199 | 20:05 | Ghost | |
193 | 20:13 | Thor x2 | |
200 | 20:26 | Terran Ship Weapons Level 3 | |
197 | 20:32 | Personal Cloaking | |
197 | 20:34 | Refinery | |
185 | 20:36 | Refinery | |
185 | 20:41 | Thor x3 | |
199 | 20:43 | Hellbat, Planetary Fortress | |
190 | 20:52 | Command Center | |
190 | 20:57 | Hellbat, Siege Tank x3 | |
190 | 21:00 | Orbital Command | |
195 | 21:09 | Hellbat | |
191 | 21:21 | Hellion x2 | |
191 | 21:22 | Hellion | |
191 | 21:24 | Siege Tank x3 | |
182 | 21:26 | Hellion | |
182 | 21:27 | Hellion x3, Banshee | |
182 | 21:29 | Hellbat, Siege Tank x2 | |
182 | 21:31 | Hellion | |
177 | 21:40 | Planetary Fortress | |
177 | 21:43 | Hellbat x2 | |
177 | 21:44 | Hellbat | |
166 | 21:47 | Hellbat | |
166 | 21:51 | Siege Tank | |
166 | 21:52 | Hellbat | |
165 | 21:57 | Command Center, Siege Tank | |
165 | 21:58 | Hellbat | |
165 | 21:59 | Orbital Command, Hellbat | |
165 | 22:00 | Hellion x8 | |
155 | 22:04 | SCV x2 | |
155 | 22:05 | SCV | |
149 | 22:17 | Missile Turret, Hellbat, Siege Tank | |
149 | 22:18 | Missile Turret x2 | |
149 | 22:20 | Command Center | |
154 | 22:26 | Siege Tank | |
157 | 22:35 | Hellbat, Siege Tank | |
157 | 22:36 | Hellion x3, Hellbat x2 | |
172 | 22:41 | Hellion x5 | |
162 | 22:52 | Planetary Fortress | |
162 | 22:55 | Missile Turret, SCV x2 | |
162 | 22:56 | SCV x2 | |
162 | 22:57 | Missile Turret | |
166 | 23:00 | Missile Turret | |
166 | 23:10 | SCV | |
166 | 23:12 | Siege Tank | |
170 | 23:14 | Siege Tank | |
170 | 23:18 | Thor, Hellion x2 | |
163 | 23:28 | Hellbat x4, Siege Tank x2 | |
163 | 23:29 | Hellbat x3 | |
163 | 23:33 | SCV x4 | |
187 | 23:42 | SCV | |
188 | 23:50 | Hellbat x3, Siege Tank x2 | |
196 | 24:02 | Planetary Fortress | |
181 | 24:03 | SCV | |
181 | 24:05 | Siege Tank | |
181 | 24:06 | Hellbat | |
187 | 24:15 | Liberator | |
180 | 24:22 | Command Center | |
174 | 24:28 | Thor | |
174 | 24:29 | Hellbat x3 | |
174 | 24:30 | Hellbat x2, Siege Tank | |
185 | 24:36 | Hellbat x2 | |
185 | 24:37 | Hellbat x2 | |
180 | 24:39 | Hellbat, Siege Tank | |
180 | 24:41 | Hellbat | |
151 | 24:50 | Widow Mine x3 | |
151 | 24:51 | Hellbat, Widow Mine | |
153 | 24:58 | Hellbat x3 | |
154 | 25:02 | Thor | |
154 | 25:06 | Hellion x3 | |
163 | 25:11 | Hellion, Hellbat | |
163 | 25:13 | Hellion x4 | |
167 | 25:18 | Command Center | |
167 | 25:23 | Neosteel Armor | |
167 | 25:26 | Hellion x2 | |
171 | 25:40 | Command Center | |
171 | 25:41 | Thor | |
177 | 25:43 | Hellbat x2 | |
173 | 26:03 | Thor | |
148 | 26:05 | SCV | |
148 | 26:11 | Hellbat x5 | |
123 | 26:12 | Hellbat x3 | |
116 | 26:20 | Viking | |
92 | 26:35 | Hellion, Hellbat | |
92 | 26:49 | Hellion, Hellbat x2 | |
92 | 26:50 | Hellion x2 | |
91 | 26:58 | Hellion x2 | |
54 | 27:08 | SCV | |
55 | 27:14 | SCV x4 | |
55 | 27:15 | SCV | |
60 | 27:19 | Hellion x3 | |
60 | 27:27 | Refinery | |
60 | 27:34 | Widow Mine x2 | |
60 | 27:35 | SCV | |
65 | 27:42 | Orbital Command | |
65 | 27:46 | SCV | |
65 | 27:50 | Orbital Command | |
66 | 27:56 | Hellion x2 | |
66 | 27:57 | Hellion x2 | |
70 | 28:01 | Hellion | |
70 | 28:06 | SCV | |
62 | 28:19 | Hellion x2 | |
66 | 28:25 | Siege Tank | |
69 | 28:28 | Hellion | |
69 | 28:29 | Hellion x3 | |
69 | 28:30 | Hellion x2, Hellbat | |
56 | 28:46 | Orbital Command | |
56 | 28:48 | Hellion, Hellbat, Siege Tank | |
53 | 28:49 | Hellion | |
53 | 28:54 | Refinery | |
51 | 28:58 | Hellbat | |
51 | 28:59 | Hellion x3 | |
51 | 29:00 | Hellion x3 | |
65 | 29:09 | Hellion | |
65 | 29:25 | Hellion x2, Siege Tank | |
65 | 29:27 | Hellion | |
65 | 29:31 | Hellion x2 | |
72 | 29:39 | Hellion | |
74 | 29:46 | Hellion | |
74 | 29:48 | Siege Tank | |
74 | 29:49 | Hellion, Hellbat | |
80 | 30:00 | SCV x5 | |
80 | 30:03 | Hellion x4 | |
76 | 30:08 | Refinery | |
76 | 30:14 | Planetary Fortress | |
76 | 30:20 | Hellbat | |
71 | 30:21 | SCV x3 | |
71 | 30:28 | Hellbat x3, SCV x3 | |
80 | 30:29 | SCV x3 | |
84 | 30:39 | Hellion, Siege Tank | |
84 | 30:41 | Hellion | |
79 | 30:56 | Siege Tank | |
82 | 30:57 | Hellion x3 | |
82 | 30:58 | Hellion x6 | |
96 | 31:09 | Orbital Command | |
94 | 31:15 | Missile Turret | |
89 | 31:20 | Siege Tank | |
89 | 31:22 | Hellion | |
89 | 31:23 | Hellion x5 | |
102 | 31:30 | Hellion x3 | |
102 | 31:36 | Hellion | |
102 | 31:38 | SCV | |
93 | 31:42 | SCV | |
86 | 31:50 | Missile Turret, SCV | |
86 | 31:52 | Orbital Command | |
86 | 31:53 | Hellion x2 | |
85 | 31:59 | Refinery | |
84 | 32:19 | Refinery | |
82 | 32:32 | Hellion x3 | |
82 | 32:33 | Hellion x2 | |
82 | 32:34 | Hellion | |
71 | 32:51 | Siege Tank | |
71 | 32:57 | SCV x4 | |
71 | 32:58 | SCV x2 | |
80 | 33:14 | Refinery | |
80 | 33:16 | Refinery | |
80 | 33:19 | Hellion x4 | |
82 | 33:27 | Banshee | |
74 | 33:43 | Hellion x8 | |
90 | 34:09 | Siege Tank | |
97 | 34:10 | Hellion x2, Banshee | |
97 | 34:16 | Hellion x25 | |
100 | 34:21 | SCV x3 | |
97 | 34:43 | SCV | |
98 | 34:48 | Orbital Command | |
98 | 34:53 | Banshee | |
72 | 35:14 | SCV | |
72 | 35:16 | SCV x2 | |
75 | 35:22 | SCV | |
75 | 35:28 | Hellion x3 | |
82 | 35:36 | Banshee | |
85 | 35:43 | Hellion x2 | |
89 | 35:50 | Hellion x7 | |
79 | 36:00 | Hellbat x4 | |
89 | 36:05 | Thor | |
81 | 36:15 | Hellion | |
66 | 36:21 | Hellbat x3 | |